 Dungeon Crawl Stone Soup version 0.18-a0-1426-g3b9a63c (webtiles) character file.

428 M4edhros the Insei (level 6, 0/38 HPs)
             Began as an Octopode Artificer on Feb 27, 2016.
             Slain by a rat (2 damage)
             ... on level 3 of the Dungeon.
             The game lasted 00:13:16 (13059 turns).

M4edhros the Insei (Octopode Artificer)            Turns: 13059, Time: 00:13:16

Health: 0/38       AC:  1    Str: 12    XL:     6   Next: 98%
Magic:  8/8        EV: 12    Int: 14    God:    Xom [*.....]
Gold:   137        SH:  0    Dex: 13    Spells: 0 memorised, 5 levels left

rFire  . . .     SeeInvis .     e - +4 iron rod (2/12)
rCold  . . .     Gourm    .     (no shield)
rNeg   . . .     Faith    .     (helmet restricted)
rPois  .         Spirit   .     (no amulet)
rElec  .         Dismiss  .     j - ring of flight
rCorr  .         Reflect  .     (no ring)
SustAt .         Harm     .     (no ring)
MR     .....                    (no ring)
Stlth  +++.......               (no ring)
                                (no ring)
                                (no ring)
                                (no ring)

@: drained, not resistant to hostile enchantments, fairly stealthy
A: almost no armour, amphibious, 8 rings, constrict 8, camouflage 1, dopey 1,
screaming 1, strong 1, gelatinous body 1
a: Renounce Religion, Evoke Flight


You were on level 3 of the Dungeon.
You worshipped Xom.
You were a special plaything of Xom.
You were hungry.

You visited 2 branches of the dungeon, and saw 7 of its levels.

You collected 137 gold pieces.

Inventory:

Rods
 e - a +4 iron rod (2/12) (weapon)
   (Xom gifted it to you on level 3 of the Dungeon)
Jewellery
 j - a ring of flight (left tentacle)
Wands
 a - a wand of lightning (9/15)
 b - a wand of flame (12/48)
 c - a wand of enslavement (10/24)
 d - a wand of random effects (12/48)
 n - a wand of flame (28/48)
Scrolls
 i - 4 scrolls of identify
 k - a scroll of magic mapping
 o - a scroll of fog
Potions
 g - a potion of cure mutation
 l - a potion of ambrosia
Comestibles
 f - a bread ration
 p - 4 fruits
 q - 11 royal jellies


   Skills:
 - Level 1.0(0.7) Fighting
   Level 1.0(0.7) Short Blades
 - Level 2.0(1.7) Dodging
 - Level 1.3(1.0) Stealth
 + Level 6.8(6.5) Unarmed Combat
 - Level 3.2(3.0) Evocations


You had 5 spell levels left.
You didn't know any spells.

Dungeon Overview and Level Annotations

Branches:
Dungeon (6/15)             Temple (1/1) D:4

Altars:
Ashenzari
Elyvilon
Gozag
Kikubaaqudgha
Makhleb
Nemelex Xobeh
Okawaru
Pakellas
Qazlal
Ru
Sif Muna
Trog
Vehumet
Xom
Zin
The Shining One

Annotations:
D:3 tasslehoff34's ghost, amateur DrAE


Innate Abilities, Weirdness & Mutations

You cannot wear most types of armour.
You are amphibious.
You can wear up to eight rings at the same time.
You can use your tentacles to constrict eight enemies at once.
Your skin changes colour to match your surroundings (Stealth).
Your rubbery body absorbs attacks (AC +1).
You are dopey. (Int -2)
You occasionally shout uncontrollably at your foes.
Your muscles are strong. (Str +2)


Message History

Xom's attention almost turns to you for a moment.
You feel a bit tired.
Your butterfly disappears in a puff of smoke!
The bat hits you.
* * * LOW HITPOINT WARNING * * *
The bat hits you but does no damage.
Things that are here:
a dagger; a ring mail Drink which item? (? for menu, Esc to quit)
Okay, then.
The ogre shouts!
Evoke which item? (* to show all) (? for menu, Esc to quit)
Zapping:
c - a wand of enslavement (11/24)
Press: ? - help, Shift-Dir - straight line, f - ogre
Aim: an ogre, wielding a giant spiked club (chance to defeat MR: 51%)
The ogre is charmed.
This wand has 10 charges left. 2 orcs come into view.
The rat bites you.
You die... "I guess I need a new plaything now."

..... #.....##.. ... #...
#...# #.# ## #.# # #
##'#######'####.# ##.#
#.# .. ........W.§...#)#
##.# ####.. .#
...........or..o# #)###..
... . ....W...l.....#r#
##.#.# #
##)#######'####)# ##.#
#.# #...##
#...##)r#####.### ####.#
..o).###.....##.@.......#
......
.††...#.......#..O......#
######
..(...#.......#.........#
#####
......#.......#...(...).#
#....
((...###.....##.........#
#.### #...##
##...###.........# #....
####### #.......oo#
.###### #..# #.........#
..# #..# #....O...(###.#


You could see 3 orcs, a quokka, a rat and a friendly ogre.

Vanquished Creatures
  An orc wizard (D:3)
  An orc priest (D:3)
  3 hounds
  A worker ant (D:4)
  11 adders
  A gnoll (D:5)
  2 oozes
  4 worms
  A dart slug (D:2)
  6 giant geckos
  6 orcs
  A ball python (D:2)
  5 giant cockroaches
  5 goblins
  7 hobgoblins
  12 jackals (D:3)
  A quokka (D:3)
  8 bats
  8 giant newts
  11 kobolds
  13 rats
108 creatures vanquished.

Vanquished Creatures (collateral kills)
  An adder (D:2)
  2 gnolls (D:5)
  A hobgoblin (D:2)
  A goblin (D:2)
5 creatures vanquished.

Vanquished Creatures (others)
  A goblin (D:3)
  A hobgoblin (D:3)
2 creatures vanquished.

Grand Total: 115 creatures vanquished

Notes
Turn   | Place    | Note
--------------------------------------------------------------
     0 | D:1      | M4edhros the Octopode Artificer began the quest for the Orb.
     0 | D:1      | Reached XP level 1. HP: 13/13 MP: 3/3
   233 | D:1      | Reached skill level 1 in Unarmed Combat
   325 | D:1      | Reached XP level 2. HP: 6/18 MP: 4/4
   590 | D:2      | Reached skill level 2 in Unarmed Combat
   689 | D:2      | Reached XP level 3. HP: 14/23 MP: 5/5
   728 | D:2      | Reached skill level 3 in Unarmed Combat
  1092 | D:2      | Reached XP level 4. HP: 26/28 MP: 6/6
  1125 | D:3      | Noticed tasslehoff34's ghost (amateur DrAE)
  1285 | D:4      | Reached skill level 4 in Unarmed Combat
  1397 | D:4      | Reached XP level 5. HP: 22/33 MP: 7/7
  1592 | D:4      | Found an iron altar of Okawaru.
  1646 | D:4      | Found a staircase to the Ecumenical Temple.
  1659 | Temple   | Entered the Ecumenical Temple
  1797 | D:4      | Reached skill level 5 in Unarmed Combat
  1802 | D:5      | Entered Level 5 of the Dungeon
  1825 | D:5      | Found a stormy altar of Qazlal.
  1874 | D:5      | Found an oddly glowing altar of Pakellas.
  2229 | D:5      | Found a radiant altar of Vehumet.
  2250 | D:6      | Found a shimmering altar of Xom.
  2250 | D:6      | Found a burning altar of Makhleb.
  2250 | D:6      | Found a deep blue altar of Sif Muna.
  2250 | D:6      | Found a bloodstained altar of Trog.
  2250 | D:6      | Found a sacrificial altar of Ru.
  2250 | D:6      | Noticed an ogre
  2253 | D:6      | Became a worshipper of Xom of Malevolent Giggling
  2759 | D:3      | XOM: silly message
  2890 | D:3      | XOM: potion effect (invisibility)
  2908 | D:2      | Reached XP level 6. HP: 26/38 MP: 8/8
  3609 | D:2      | XOM: colour smoke trail
  3703 | D:2      | XOM: divination: detect items
  3963 | D:2      | XOM is BORED!
  3963 | D:2      | XOM: medium Trmt miscast
  4458 | D:2      | XOM: harmless Fire miscast
  5805 | D:1      | XOM: 3-stop teleportation journey
  5978 | D:1      | XOM: 4-stop teleportation journey
  5986 | D:1      | XOM: colour smoke trail
  6566 | D:1      | XOM: harmless Divn miscast
  6880 | D:1      | XOM: colour smoke trail
  7061 | D:1      | XOM: summons 3 hostile demons
  7062 | D:1      | Noticed an ice devil
  7380 | D:2      | XOM: harmless Air miscast
  7611 | D:2      | XOM is BORED!
  7611 | D:2      | XOM: noise
  7728 | D:2      | XOM: 1-stop teleportation journey
  8093 | D:2      | XOM: harmless Trmt miscast
  8372 | D:2      | XOM is BORED!
  8372 | D:2      | XOM: noise
  8747 | D:3      | XOM: give mutation
  8747 | D:3      | Gained mutation: Your muscles are strong. (Str +2) [Xom's mischief]
  9179 | D:3      | XOM: give mutations
  9179 | D:3      | Gained mutation: You are dopey. (Int -2) [Xom's mischief]
  9179 | D:3      | Gained mutation: You occasionally shout uncontrollably at your foes. [Xom's mischief]
  9446 | D:3      | XOM: summons 3 hostile demons
  9491 | D:3      | XOM: noise
  9841 | D:3      | Reached skill level 6 in Unarmed Combat
 10466 | D:3      | XOM: divination: detect creatures
 10710 | D:3      | XOM: medium Erth miscast
 10953 | D:3      | XOM: vitrification
 11576 | D:3      | XOM: smoke on damage
 11664 | D:3      | XOM: god gift: weird runed rod {god gift}
 12144 | D:3      | XOM: mild Chrm miscast
 12812 | D:3      | XOM: god gift: 21 gold pieces
 12968 | D:3      | XOM: god gift: 11 royal jellies
 12999 | D:3      | XOM: 3-stop teleportation journey
 13005 | D:3      | XOM: summons 3 hostile shadow creatures
 13028 | D:3      | XOM: summons friendly white imp
 13039 | D:3      | XOM: butterfly on damage
 13054 | D:3      | XOM: harmless Hex miscast
 13054 | D:3      | HP: 1/38 [bat (1)]
 13059 | D:3      | Slain by a rat

Vault maps used:
D:1:      minmay_arrival_stair_chambers, minivault_4
D:2:      minmay_bisected
D:3:      kennysheep_six_static_rooms
D:4:      minmay_temple_entry_mist, first_bread, okawaru_ov_weapons_minmay
D:5:      grunt_pakellas_salt, old_standard_altar,
          nicolae_qazlal_general_emergency
D:6:      kennysheep_orc_sif_temple, grunt_temple_overflow_open, serial_shops,
          nicolae_shop_trees, basic_altar, small_statue_intersection,
          elyvilon_altar_5
Temple:   minmay_temple_bridge_a_8

Skill      XL: |  1  2  3  4  5  6 |
---------------+-------------------+-----
Unarmed Combat | 1 2 3 4 5 6 |  6.8
Fighting       | |  1.0
Short Blades   | |  1.0
Dodging        | |  2.0
Stealth        | |  1.3
Evocations     | |  3.2

Action                   |  1- 3 |  4- 6 || total
-------------------------+-------+-------++-------
Melee: Unarmed           |    52 |   193 ||   245
       Spear             |       |    23 ||    23
Evoke: Wand              |     4 |     7 ||    11
       Rod               |       |     2 ||     2
  Use: Potion            |     2 |     5 ||     7
       Scroll            |       |     6 ||     6
 Stab: Sleeping          |    11 |     8 ||    19
       Distracted        |       |     1 ||     1
       Invisible         |       |     1 ||     1
  Eat: Chunk             |       |    27 ||    27
       Meat ration       |       |     1 ||     1
       Bread ration      |       |     1 ||     1
       Beef jerky        |       |     1 ||     1
